AoeStats
← wat!

Black Forest

510155883Analyzed
3v3 RM · 4d ago on Sep 29, 2026· 55m 22s· 6 players
Game mode
Random Map
Map size
Normal (6 player)
Population
200
Speed
Normal
Resources
Standard
Victory
Conquest
Starting age
Dark Age
Ending age
Imperial Age
RankedLock teamsTeams togetherTeam positionsShared explorationLock speedFull tech treeHidden civsTurbo modeCheats
Victory
Defeat
🇨🇭 Lithuanians · Switzerland
756
+17
🇦🇹 Persians · Austria
742
+18
🇨🇭 Maya · Switzerland
734
+18
🇦🇷 Byzantines · Argentina
790
-18
🇦🇷 Britons · Argentina
778
-18
🇦🇷 Franks · Argentina
760
-17
30 sheeps
1:22 Loom
15:04 Feudal Age
16:50 Fletching
20:26 Castle Age
19:45 Horse Collar
23:33 Double-Bit Axe
26:46 Bow Saw
28:34 Wheelbarrow
28:47 Town Watch
29:37 Town Patrol
30:38 Masonry
31:12 Heavy Plow
31:38 Ballistics
32:58 Hand Cart
35:44 Imperial Age
33:33 Hand Cart
33:23 Caravan
35:50 Gold Mining
35:50 Stone Mining
37:01 Architecture
37:17 Gold Shaft Mining
37:17 Stone Shaft Mining
37:24 Guilds
39:56 Two-Man Saw
44:11 Crop Rotation
49:39 Conscription
49:55 Hoardings
51:32 Stone Shaft Mining
51:14 Bodkin Arrow
51:24 Scale Barding Armor
51:30 Forging
51:43 Citadels
50:54 Elite War Elephant
51:36 Scale Mail Armor
54:24 Chain Barding Armor
54:40 Iron Casting
54:59 Bloodlines
54:09 Cavalier
54:50 Husbandry
55:07 Chain Mail Armor
54:53 Padded Archer Armor
55:18 Capped Ram
Profis
12:04 Feudal Age
13:14 Double-Bit Axe
16:01 Castle Age
13:45 Horse Collar
19:04 Wheelbarrow
18:14 Loom
23:11 Bow Saw
22:53 Gold Mining
22:54 Stone Mining
24:00 Heavy Plow
27:19 Stone Shaft Mining
28:17 Scale Barding Armor
28:22 Forging
28:57 Loom
29:28 Hand Cart
28:58 Town Watch
30:14 Chain Barding Armor
30:29 Iron Casting
31:25 Bloodlines
31:15 Husbandry
34:08 Imperial Age
35:32 Plate Barding Armor
35:46 Conscription
34:47 Elite Leitis
35:55 Cavalier
36:42 Caravan
36:53 Guilds
36:49 Caravan
50:29 Two-Man Saw
50:03 Crop Rotation
49:35 Town Patrol
50:09 Coinage
50:57 Fletching
52:12 Hoardings
52:08 Fortified Wall
53:19 Chemistry
52:01 Treadmill Crane
52:31 Masonry
54:35 Light Cavalry
54:35 Cavalier
wat!
0:31 Loom
13:37 Feudal Age
14:31 Horse Collar
14:38 Double-Bit Axe
17:08 Castle Age
18:12 Fletching
18:19 Town Watch
18:30 Stone Mining
19:42 Wheelbarrow
19:44 Padded Archer Armor
20:54 Crossbowman
22:16 Bodkin Arrow
22:57 Bow Saw
22:57 Treadmill Crane
27:40 Masonry
29:16 Thumb Ring
32:58 Ballistics
32:49 Fortified Wall
33:29 Leather Archer Armor
34:17 Caravan
34:31 Gold Mining
39:06 Imperial Age
36:51 Hand Cart
39:49 Stone Shaft Mining
38:41 Eagle Warrior
39:22 Squires
39:07 Arson
39:28 Devotion
39:25 Murder Holes
40:23 Capped Ram
42:13 Chemistry
41:44 Architecture
42:01 Hul'che Javelineers
42:06 Arbalester
44:04 Conscription
44:21 Hoardings
44:11 Heated Shot
45:20 Siege Ram
47:02 Guard Tower
46:34 Elite Plumed Archer
48:17 Bracer
48:47 Ring Archer Armor
48:59 Ring Archer Armor
51:11 Holcans
50:58 Hand Cart
50:44 Town Patrol
51:14 Forging
51:04 Scale Mail Armor
52:27 Keep
51:58 Sappers
53:55 Two-Man Saw
53:34 Coinage
52:35 Pikeman
54:11 Chain Mail Armor
54:31 Iron Casting
54:25 Elite Skirmisher
54:29 Onager
55:22 Careening
55:23 Clinker Construction
55:35 Heavy Plow
55:04 Halberdier
pazoz07
4:21 Loom
11:06 Feudal Age
12:56 Double-Bit Axe
22:45 Castle Age
21:56 Scale Barding Armor
21:51 Scale Mail Armor
23:37 Bow Saw
30:19 Gold Mining
31:22 Wheelbarrow
31:00 Husbandry
40:16 Imperial Age
38:16 Forging
38:22 Chain Mail Armor
38:20 Town Watch
39:55 Hand Cart
40:39 Cavalier
41:44 Chain Barding Armor
55:08 Paladin
Matrox983928
3:11 Loom
14:45 Feudal Age
22:52 Castle Age
22:47 Double-Bit Axe
22:57 Gold Mining
28:01 Imperial Age
27:27 Bow Saw
30:05 Chemistry
30:41 Ballistics
32:09 Gold Shaft Mining
32:15 Pikeman
34:11 Halberdier
37:27 Forging
38:30 Horse Collar
39:02 Padded Archer Armor
39:40 Iron Casting
39:19 Fortified Wall
49:30 Scale Mail Armor
49:31 Gambesons
50:35 Heavy Plow
Marianef5340
10:11 Feudal Age
13:24 Fletching
19:22 Castle Age
17:31 Padded Archer Armor
19:18 Stone Mining
20:38 Crossbowman
21:16 Horse Collar
27:36 Heavy Plow
29:33 Bodkin Arrow
31:36 Wheelbarrow
32:54 Yeomen
34:19 Ballistics
34:18 Leather Archer Armor
36:35 Imperial Age
37:21 Bracer
37:50 Conscription
38:44 Chemistry
40:47 Arbalester
41:59 Ring Archer Armor
41:39 Pikeman
43:55 Loom
46:25 Forging
45:57 Halberdier
46:48 Scale Mail Armor
48:14 Double-Bit Axe
48:51 Hand Cart
51:54 Bow Saw
Connection lost

Rejoining the realm…

Still unreachable

The connection could not be restored.

Session expired

The server has moved on; the page needs a fresh start.